 Dungeon Crawl Stone Soup version 0.24.1-1-gd1d2a07e1b (webtiles) character file.

Game seed: 16611752247411193062, levelgen mode: deterministic

24 Descartes the Sneak (level 2, 0/14 HPs)
             Began as a Felid Monk on Apr 10, 2020.
             Succumbed to an adder's poison
             ... on level 2 of the Dungeon.
             The game lasted 00:00:59 (540 turns).

Descartes the Sneak (Felid Monk)                     Turns: 540, Time: 00:01:00

Health: 0/14       AC:  1    Str:  7    XL:     2   Next: 79%
Magic:  3/3        EV: 19    Int: 11    God:
Gold:   43         SH:  0    Dex: 18    Spells: 1/1 levels left
                                        Lives:  0   Deaths: 0

rFire    . . .     SeeInvis +     - Unarmed
rCold    . . .     Gourm    .   (shield unavailable)
rNeg     . . .     Faith    .   (armour unavailable)
rPois    .         Spirit   .   (helmet unavailable)
rElec    .         Reflect  .   (cloak unavailable)
rCorr    .         Harm     .   (gloves unavailable)
MR       .....                  (boots unavailable)
Stlth    +++.......             (no amulet)
HPRegen  0.04/turn              e - ring of wizardry
MPRegen  0.08/turn              (no ring)

@: lethally poisoned (0 -> -9), quick
A: very small, no armour, no weapons or thrown items, stealth, claws 1, fangs 3,
see invisible, carnivore, speed 1, shaggy fur 1, slow metabolism 1, sharp paws
a: no special abilities


You were on level 2 of the Dungeon.
You were full.

You visited 1 branch of the dungeon, and saw 2 of its levels.

You collected 43 gold pieces.

Inventory:

Jewellery
 e - a ring of wizardry (left paw)
Scrolls
 b - a scroll of identify {unknown}
 c - a scroll of enchant weapon {unknown}
 d - 2 scrolls of teleportation {unknown}
 f - 2 scrolls of fear {unknown}
 j - a scroll of random uselessness {unknown}
 l - a scroll of remove curse {unknown}
Potions
 g - a potion of lignification {unknown}
 h - a potion of cancellation {unknown}
 i - 2 potions of curing {unknown}
 k - a potion of flight {unknown}
Comestibles
 a - 4 rations


   Skills:
 - Level 3.0 Fighting
 - Level 4.0 Dodging
 * Level 4.2 Stealth
 + Level 3.3 Unarmed Combat


You had one spell level left.
You didn't know any spells.
Your spell library was empty.

Dungeon Overview and Level Annotations

Branches:
Dungeon (2/15)

Altars:


Innate Abilities, Weirdness & Mutations

You cannot wear armour.
You are incapable of wielding weapons or throwing items.
Your paws allow you to move quietly. (Stealth)
You have sharp claws.
You have razor-sharp teeth.
You have supernaturally acute eyesight. (SInv)
You are carnivorous and can eat meat at any time.
You cover ground quickly.
You are covered in fur. (AC +1)
You have a slow metabolism.
Your sharp claws are effective at attacking unaware monsters.


Message History

The adder is heavily wounded.
* * * LOW HITPOINT WARNING * * *
You feel sick. The adder misses you. The kobold closely misses you.
You scratch the adder.
The adder is almost dead.
The adder misses you.
An adder comes into view.
The kobold closely misses you.
You miss the adder.
The adder is almost dead.
* * * LOW HITPOINT WARNING * * *
You feel sick. The adder misses you. The kobold barely misses you.
The adder misses you.
You scratch the adder but do no damage. You bite the adder.
You kill the adder!
Your Stealth skill increases to level 4!
The kobold completely misses you. The hobgoblin closely misses you.
Things that are here:
an adder corpse; a rat corpse You die...

#.#.# .#
#.#.####%#####
#[#..........#.
#[##...........
#.##.........#.
#. #...........
#....g.S....
#..K†.......
#...@.......
#...........
###>#####...
..# #.. ... $.
.... .....
.....)


You could see an adder, a hobgoblin and a kobold.

Vanquished Creatures
  An adder (D:2)
  A leopard gecko (D:1)
  A giant cockroach (D:1)
  A goblin (D:1)
  A hobgoblin (D:1)
  3 kobolds (D:1)
  2 bats (D:1)
  4 frilled lizards
  2 rats (D:2)
16 creatures vanquished.

Notes
Turn   | Place    | Note
-------+----------+-------------------------------------------
     0 | D:1      | Descartes the Felid Monk began the quest for the Orb.
     0 | D:1      | Reached XP level 1. HP: 10/10 MP: 2/2
   264 | D:1      | Reached XP level 2. HP: 13/14 MP: 3/3
   540 | D:2      | Succumbed to an adder's poison

Levels and vault maps discovered:
D:1:      roderic_chinese_lattice_arrival, layout_rooms, minmay_quantized
D:2:      layout_rooms, first_ration, lemuel_blue_sif_altar

Skill      XL: |  1  2 |
---------------+-------+-----
Stealth        | 3 4 |  4.2
Fighting       | |  3.0
Dodging        | |  4.0
Unarmed Combat | |  3.3

Action                   || total
-------------------------++-------
Melee: Unarmed           ||    29
       Bite              ||     1
 Stab: Sleeping          ||     9
       Distracted        ||     1
  Eat: Chunk             ||     3
Dodge: Dodged            ||    19
